 Dungeon Crawl Stone Soup version 0.22-a0-379-ga9d99d6 (webtiles) character file.

632 4thArraOfDagon the Digger (level 7, -2/46 HPs)
             Began as a Demonspawn Earth Elementalist on Apr 28, 2018.
             Slain by Menkaure (20 damage)
             ... on level 7 of the Dungeon.
             The game lasted 00:08:42 (2143 turns).

4thArraOfDagon the Digger (DsEE)                    Turns: 2143, Time: 00:08:42

Health: -2/46      AC:  2    Str:  8    XL:     7   Next: 24%
Magic:  9/13       EV: 12    Int: 18    God:
Gold:   271        SH:  0    Dex: 14    Spells: 2/15 levels left

rFire    . . .     SeeInvis .   e - +2 dagger (venom)
rCold    + . .     Gourm    .   (no shield)
rNeg     . . .     Faith    .   c - +0 robe
rPois    +         Spirit   .   (no helmet)
rElec    .         Reflect  .   (no cloak)
rCorr    .         Harm     .   (no gloves)
MR       .....                  (no boots)
Stlth    +++.......             (no amulet)
HPRegen  0.15/turn              a - ring of poison resistance
MPRegen  0.13/turn              (no ring)

@: confused, very slightly contaminated
A: cold resistance 1, nightstalker 2
a: no special abilities


You were on level 7 of the Dungeon.
You were hungry.

You visited 1 branch of the dungeon, and saw 8 of its levels.
You also visited: Ossuary.

You collected 271 gold pieces.

Inventory:

Hand Weapons
 e - a +2 dagger of venom (weapon)
Armour
 c - a +0 robe (worn)
Magical Staves
 h - an uncursed staff of death
Jewellery
 a - a ring of poison resistance (left hand)
Scrolls
 b - a scroll of enchant weapon {unknown}
 f - 3 scrolls of identify
 o - a scroll of remove curse
 p - a scroll of magic mapping {unknown}
Potions
 g - 4 potions of ambrosia
 i - a potion of curing
 j - a potion of haste {unknown}
 k - 2 potions of brilliance {unknown}
 l - 2 potions of degeneration {unknown}
 m - a potion of cancellation {unknown}
 n - a potion of agility {unknown}
 q - a potion of might {unknown}
Comestibles
 d - a ration


   Skills:
 - Level 1.7 Dodging
 - Level 1.7 Stealth
 + Level 4.5 Spellcasting
 - Level 0.8 Transmutations
 * Level 6.5 Earth Magic


You had 2 spell levels left.
You knew the following spells:

 Your Spells              Type           Power        Failure   Level  Hunger
a - Sandblast             Erth           ####..       1%          1    None
b - Lee's Rapid Deconstr  Erth           ####......   26%         5    ######.
c - Petrify               Tmut/Erth      ###.....     30%         4    ####...
d - Stone Arrow           Conj/Erth      ###...       11%         3    ###....


Dungeon Overview and Level Annotations

Branches:
Dungeon (8/15)
 Temple: D:4-7         Lair: D:8-11

Altars:
Uskayaw
Yredelemnul

Annotations:
D:4 Eustachio
D:7 Menkaure
D:8 Erica


Innate Abilities, Weirdness & Mutations

Your flesh is cold resistant. (rC+)
You are significantly more attuned to the shadows.


Message History

Press: ? - help, Dir - move target cursor You miscast Lee's Rapid Deconstruction.
Sand pours from your hands.
You are feeling hungry.
The jackal bites you.
* * * LOW HITPOINT WARNING * * *
The jackal closely misses you.
Unknown command.
Unknown command.
Enter note: :O You are confused.
You feel invigorated. The jackal misses you.
The jackal bites you but does no damage.
Menkaure sighs, "Let me perform the rites..."
Unknown command.
Unknown command.
You hit Menkaure.
Menkaure is severely damaged.
The jackal barely misses you. The jackal completely misses you.
Menkaure hits you!!
You die...

#.#.......#.#
####....._...ยง.##
##.##.#.......#..#
##.....#.......#..#
#......##.....##..#
#......####.####..#
..................###
...............Mhh..##
#.............W.@.....
#.....................
##..>..)..............
#....... ...........
..#..... ...........
###.(... ........... #
#.... #... #


You could see a phantom, Menkaure and 2 jackals.

Vanquished Creatures
  2 sky beasts (D:7)
  An ogre (D:7)
  A bullfrog (D:7)
  2 howler monkeys
  A hound (D:8)
  A centaur skeleton (D:8)
  A worker ant (D:6)
  2 mummies (Ossuary)
  8 adders
  An ooze (D:1)
  An adder skeleton (D:7)
  A worm (D:2)
  4 orcs
  A ball python (D:4)
  2 gnoll zombies (Ossuary)
  A goblin (D:3)
  6 hobgoblins
  A jackal (D:7)
  2 kobolds (D:1)
  A quokka (D:7)
  A frilled lizard (D:1)
  A hobgoblin zombie (Ossuary)
  A kobold zombie (Ossuary)
  3 orc zombies (Ossuary)
  A rat (D:1)
47 creatures vanquished.

Notes
Turn   | Place    | Note
-------+----------+-------------------------------------------
     0 | D:1      | 4thArraOfDagon the Demonspawn Earth Elementalist began the quest for the Orb.
     0 | D:1      | Reached XP level 1. HP: 13/13 MP: 3/3
    29 | D:1      | Reached skill level 3 in Earth Magic
    99 | D:1      | Gained mutation: You are slightly more attuned to the shadows. [demonic ancestry]
    99 | D:1      | Reached XP level 2. HP: 19/19 MP: 0/5
   519 | D:2      | Gained mutation: You are significantly more attuned to the shadows. [demonic ancestry]
   519 | D:2      | Reached XP level 3. HP: 8/24 MP: 0/6
   687 | D:4      | Noticed Eustachio
   690 | D:4      | Noticed an ogre
   693 | D:4      | You fall through a shaft for 3 floors!
   693 | D:7      | Found a hide-covered altar of Uskayaw.
   697 | D:7      | Reached skill level 4 in Earth Magic
   697 | D:7      | Reached XP level 4. HP: 19/30 MP: 2/8
   705 | D:7      | Noticed a phantom
   708 | D:7      | Noticed Menkaure
   768 | D:7      | Noticed a sky beast
   800 | D:7      | Killed a sky beast
   800 | D:7      | Gained mutation: Your flesh is cold resistant. (rC+) [demonic ancestry]
   800 | D:7      | Reached XP level 5. HP: 20/35 MP: 4/10
   811 | D:7      | Learned a level 5 spell: Lee's Rapid Deconstruction
   850 | D:7      | Noticed a sky beast
   860 | D:7      | Killed a sky beast
   860 | D:7      | Reached skill level 5 in Earth Magic
   875 | D:7      | Found a basalt altar of Yredelemnul.
   908 | D:8      | Reached XP level 6. HP: 20/41 MP: 8/11
   922 | D:8      | Learned a level 4 spell: Petrify
  1044 | D:5      | Entered Level 5 of the Dungeon
  1250 | D:7      | Reached skill level 6 in Earth Magic
  1250 | D:7      | Reached XP level 7. HP: 41/46 MP: 9/13
  1338 | D:8      | Noticed Erica
  1355 | D:8      | Found a sand-covered staircase.
  1363 | Ossuary  | Entered an ossuary
  1370 | Ossuary  | Learned a level 3 spell: Stone Arrow
  2138 | D:7      | HP: 2/46 [jackal (2)]
  2142 | D:7      | :O
  2143 | D:7      | Slain by Menkaure

Vault maps used:
D:1:      lemuel_arrival_behind_the_door_large
D:2:      st_stairs_8, uniq_robin
D:3:      first_ration, minmay_misc_feat_nine_boxes
D:4:      nicolae_overflow_hidden_temple, minmay_temple_entry_poolview,
          kennysheep_diamond, grunt_ministairs_1, nzn_random_ring, uniq_pikel,
          uniq_eustachio
D:5:      nicolae_ru_the_path_less_chosen
D:7:      yredelemnul_altar_generic, old_standard_altar, uniq_menkaure,
          uniq_crazy_yiuf_cottage
D:8:      enter_ossuary_1, the_bakery, minivault_27, uniq_maurice, uniq_erica
Ossuary:  ossuary_tomb_3

Skill      XL: |  1  2  3  4  5  6 |
---------------+-------------------+-----
Earth Magic    | 3 4 5 6 |  6.5
Spellcasting   | 3 4 |  4.5
Dodging        | |  1.7
Stealth        | |  1.7
Transmutations | |  0.8

Action                   |  1- 3 |  4- 6 |  7- 9 || total
-------------------------+-------+-------+-------++-------
Melee: Unarmed           |    16 |       |     3 ||    19
       Dagger            |    18 |    17 |    14 ||    49
       Staff             |       |       |    59 ||    59
 Cast: Sandblast         |    21 |    38 |     8 ||    67
       Stone Arrow       |       |       |     3 ||     3
       Lee's Rapid Decon |       |       |     2 ||     2
       Petrify           |       |       |     1 ||     1
  Use: Potion            |     1 |       |     3 ||     4
       Scroll            |       |     5 |     1 ||     6
 Stab: Sleeping          |     1 |     1 |     1 ||     3
       Petrified         |       |       |     6 ||     6
       Distracted        |       |       |     1 ||     1
  Eat: Chunk             |       |     1 |     1 ||     2
       Ration            |       |       |     1 ||     1
Armor: Robe              |     3 |     6 |    12 ||    21
Dodge: Dodged            |    13 |    14 |    49 ||    76

Table legend:
 A = Spawn XP
 B = Non-spawn XP
 C = Spawn XP percentage of total XP
 D = Spawn monster count
 E = Non-spawn monster count
 F = Spawn count percentage of total count
 G = Total turns spent on level
                    A         B        C        D         E        F      G
               +---------+---------+-------+---------+---------+-------+---------
         Total |       0 |     904 |   0.0 |       0 |      47 |   0.0 |  2143
               +---------+---------+-------+---------+---------+-------+---------
           D:1 |       0 |      19 |   0.0 |       0 |       8 |   0.0 |   449
           D:2 |       0 |      22 |   0.0 |       0 |       4 |   0.0 |    78
           D:3 |       0 |       4 |   0.0 |       0 |       2 |   0.0 |   153
           D:4 |       0 |       2 |   0.0 |       0 |       1 |   0.0 |    13
           D:5 |       0 |      55 |   0.0 |       0 |       1 |   0.0 |    22
           D:6 |       0 |      82 |   0.0 |       0 |       6 |   0.0 |   198
           D:7 |       0 |     581 |   0.0 |       0 |      13 |   0.0 |   483
           D:8 |       0 |      94 |   0.0 |       0 |       3 |   0.0 |   116
       Ossuary |       0 |      45 |   0.0 |       0 |       9 |   0.0 |   631
               +---------+---------+-------+---------+---------+-------+---------
